 Dungeon Crawl Stone Soup version 0.28-a0-199-g298df9dbad (webtiles) character file.

Game seed: 4153610086733233362

95281 Mesmaeker13 the Devastator (level 15, -2/90 HPs)
             Began as a Demonspawn Fire Elementalist on Aug 19, 2021.
             Was a High Priest of Vehumet.
             Slain by a five-headed hydra (13 damage)
             ... on level 14 of the Dungeon.
             The game lasted 01:14:16 (37554 turns).

Mesmaeker13 the Devastator (DsFE)                  Turns: 37554, Time: 01:14:17

Health: -2/90      AC:  7    Str: 11    XL:     15   Next: 65%
Magic:  9/29       EV: 29    Int: 27    God:    Vehumet [*****.]
Gold:   1702       SH:  5    Dex: 13    Spells: 3/35 levels left

rFire   + . .      SeeInvis .   v - staff of conjuration
rCold   + . .      Faith    .   k - +0 buckler
rNeg    . . .      Spirit   .   I - +0 robe {Will+}
rPois   +          Reflect  .   D - +1 hat
rElec   .          Harm     .   N - +0 cloak {rC+}
rCorr   .          Rampage  .   d - +1 pair of gloves
Will    ++...                   J - +0 pair of boots {Stlth+}
Stlth   +++.......              L - amulet of the acrobat
HPRegen 0.25/turn               K - ring of protection from cold
MPRegen 0.21/turn               O - ring of Jamaobuq {Fire rPois Int+6 Slay-3}

@: acrobatic, studying 3 skills
A: claws 2, hooves 2, horns 2, foul stench 1, demonic magic 1
a: Renounce Religion


You were on level 14 of the Dungeon.
You worshipped Vehumet.
Vehumet was extremely pleased with you.
You visited 3 branches of the dungeon, and saw 22 of its levels.
You also visited: Ossuary and Ice Cave.

You collected 4553 gold pieces.
You spent 2851 gold pieces at shops.

Inventory:

Hand Weapons
 n - the +9 hand axe of the Undead {vamp, rPois rF- rC+++ Str-5}
   (You found it on level 1 of the Lair of Beasts)

   It occasionally heals its wielder for a portion of the damage dealt when it
   wounds a living foe.
   Str:       It affects your strength (-5).
   rF:        It makes you vulnerable to fire.
   rC:        It renders you almost immune to cold.
   rPois:     It protects you from poison.
Missiles
 j - 5 curare-tipped darts
 t - 2 throwing nets
Armour
 d - a +1 pair of gloves (worn)
 k - a +0 buckler (worn)
 D - a +1 hat (worn)
 I - a +0 robe of willpower (worn)
 J - a +0 pair of boots of stealth (worn)
 N - a +0 cloak of cold resistance (worn)
Magical Staves
 v - a staff of conjuration (weapon)
Jewellery
 G - a ring of flight
 H - the ring of the Jester {rPois rF+ Str+4}
   (You acquired it on level 12 of the Dungeon)

   [ring of poison resistance]

   Str:       It affects your strength (+4).
   rF:        It protects you from fire.
   rPois:     It protects you from poison.
 K - a ring of protection from cold (left hand)
 L - an amulet of the acrobat (around neck)
 O - the ring of Jamaobuq (right hand) {Fire rPois Int+6 Slay-3}
   (You found it on level 4 of the Lair of Beasts)

   [ring of fire]

   It enhances your fire magic.
   Int:       It affects your intelligence (+6).
   Slay:      It affects your accuracy & damage with ranged weapons and melee
   (-3).
   rF:        It protects you from fire.
   rC:        It makes you vulnerable to cold.
   rPois:     It protects you from poison.
 Q - a ring of wizardry
Wands
 r - a wand of iceblast (4)
 T - a wand of digging (3)
Scrolls
 a - 4 scrolls of fog
 b - 5 scrolls of noise
 f - 2 scrolls of vulnerability
 g - a scroll of blinking
 h - 2 scrolls of teleportation
 l - a scroll of enchant weapon
 m - 2 scrolls of magic mapping {unknown}
 x - a scroll of fear
 M - a scroll of summoning
 P - a scroll of silence {unknown}
 R - a scroll of amnesia
 S - a scroll of enchant armour
Potions
 c - 3 potions of haste
 e - a potion of brilliance
 i - a potion of heal wounds
 o - 3 potions of curing
 p - 3 potions of ambrosia
 q - 7 potions of flight
 s - a potion of resistance {unknown}
 u - 3 potions of lignification {unknown}
 w - 3 potions of invisibility
 z - 2 potions of magic {unknown}
 A - 5 potions of cancellation
 B - 6 potions of degeneration {unknown}
 C - a potion of mutation {unknown}


   Skills:
 - Level 5.3 Dodging
 - Level 1.7 Stealth
 - Level 4.0 Shields
 - Level 10.5 Spellcasting
 - Level 15.8 Conjurations
 + Level 12.6 Fire Magic
 + Level 9.9 Earth Magic
 - Level 10.0 Poison Magic


You had 3 spell levels left.
You knew the following spells:

 Your Spells              Type           Power      Damage    Failure   Level
a - Ignition              Fire           44%        3d13      36%         8
b - Sticky Flame          Conj/Fire      100%       2d11      1%          4
c - Olgreb's Toxic Radia  Pois           62%        N/A       1%          4
e - Fireball              Conj/Fire      58%        3d22      1%          5
f - Ignite Poison         Fire/Tmut/Pois 70%        N/A       1%          3
g - Stone Arrow           Conj/Erth      100%       3d13      1%          3
h - Bolt of Magma         Conj/Fire/Erth 56%        4d22      1%          5

Your spell library contained the following spells:

 Spells                   Type           Power      Damage    Failure   Level
 Irradiate                Conj/Tmut      35%        3d25      1%          5
 Foxfire                  Conj/Fire      100%       2x1d9     0%          1
 Magic Dart               Conj           100%       1d8       0%          1
 Searing Ray              Conj           100%       3d7       0%          2
 Freeze                   Ice            56%        1d7       1%          1
 Sandblast                Erth           100%       2d20      1%          1
 Conjure Flame            Conj/Fire      100%       6-21      1%          3
 Inner Flame              Hex/Fire       64%        N/A       1%          3
 Frozen Ramparts          Ice            28%        1d4       3%          3
 Corona                   Hex            15%        N/A       4%          1
 Blink                    Tloc           N/A        N/A       6%          2
 Ensorcelled Hibernation  Hex/Ice        28%        N/A       6%          2
 Lesser Beckoning         Tloc           7%         N/A       12%         3
 Ozocubu's Armour         Ice            14%        N/A       12%         3
 Tukima's Dance           Hex            14%        N/A       12%         3
 Fulminant Prism          Conj/Hex       35%        3d18      1%          4
 Hailstorm                Conj/Ice       71%        3d15      1%          4
 Cause Fear               Hex            7%         N/A       38%         4
 Manifold Assault         Tloc           14%        N/A       75%         5
 Dragon Form              Tmut           7%         N/A       100%        7
 Ozocubu's Refrigeration  Ice            7%         4d6       100%        7
 Dragon's Call            Summ           7%         N/A       100%        9


Dungeon Overview and Level Annotations

Branches:
Dungeon (14/15)            Temple (0/1) D:6            Lair (6/6) D:10
 Shoals (0/4) Lair:2        Snake (0/4) Lair:4        Slime (0/5) Lair:6
    Orc (2/2) D:11            Elf (0/3) Orc:2       Ossuary (visited)
  IceCv (visited)
 Vaults: D:13-14

Altars:
Ashenzari
Cheibriados
Fedhas
Hepliaklqana
Sif Muna
Trog
Uskayaw
Vehumet
Xom
Zin
Lugonu

Shops:
D:7 [[(?(   D:8 ?   D:9 [   D:12 ?   D:13 *   Orc:2 =?**:

Portals:
Abyss: Lair:6

Annotations:
D:7 1 runed translucent door, Anon1729's ghost, novice OpMo
D:9 Erolcha
D:12 exclusion: 2 obsidian statues


Innate Abilities, Weirdness & Mutations

You have very sharp fingernails.
You have hoof-like feet.
You have a pair of horns on your head.
You may rarely emit foul miasma when damaged in melee.
Spells you cast may paralyse adjacent enemies.


Message History

You see here a basilisk corpse.
You start resting.
A boulder beetle comes into view.
A boulder beetle is nearby!
A boulder beetle is nearby!
The boulder beetle waves its antennae.
The boulder beetle curls into a ball and begins rolling!
The boulder beetle completely misses you.
The boulder beetle stops rolling and uncurls.
Casting: Bolt of Magma (safe; 1% risk of failure)
Confirm with . or Enter, or press ? or * to list all spells.
Okay, then.
Casting: Bolt of Magma (safe; 1% risk of failure)
Confirm with . or Enter, or press ? or * to list all spells.
Aiming: Sticky Flame (safe; 1% risk of failure)
Press: ? - help, Shift-Dir - straight line, f - boulder beetle
Aim: a boulder beetle (100% to hit)
You feel a strong surge of power!
The sticky flame hits the boulder beetle!
The boulder beetle is lightly wounded.
The boulder beetle is covered in liquid flames!
Malevolent energies surge around you.
The boulder beetle burns!
The boulder beetle waves its antennae.
The boulder beetle leaps!
The boulder beetle burns!
The boulder beetle burns!
The boulder beetle burns!
The boulder beetle burns!
The boulder beetle stops burning.
The five-headed hydra roars!
The boulder beetle curls into a ball and begins rolling!
You open the door. The boulder beetle hits you!!!
Ouch! That really hurt!
The boulder beetle stops rolling and uncurls.
The five-headed hydra bites you.
* * * LOW HITPOINT WARNING * * *
The five-headed hydra bites you!
* * * LOW HITPOINT WARNING * * *
The five-headed hydra bites you!
You die...

######....# #...##'############
#######..........#.....^#
#....##......<...#......#
.................#..>...#
....(...........##'######
#.........##....##......########
#######...##...D##.............#
###'##....@..............#
##...##...B#..............#
#....)....○#####)####.....#
#....##..°..........#.^...#
####+##...##...#..#......#.....#
#....##.........#..#.....#######
#.....#..........#.......#
#.....#.......[#..#......#
#.....#...####..#..#.....#


You could see a boulder beetle and a five-headed hydra.

Vanquished Creatures
  Jorgrun (D:13)
  The ghost of Quyjis the Severer, a journeyman DDGl of Makhleb (Lair:3)
  Snorg (D:11)
  Josephine (D:13)
  A vault guard (D:14)
  Harold (Lair:1)
  11 hydras
  2 ice dragons
  2 boulder beetles
  A catoblepas (Lair:5)
  4 centaur warriors
  5 two-headed ogres
  2 thrashing horrors (Lair:6)
  Urug (Orc:1)
  4 death yaks
  Sonja (Orc:1)
  An orc high priest (Orc:2)
  A sea snake (shapeshifter) (Lair:6)
  2 deep elf pyromancers (D:12)
  Pikel (D:8)
  5 orc sorcerers (Orc:2)
  10 ugly things
  3 cyclopes
  4 oklob plants
  A merfolk siren (Lair:2)
  11 black mambas
  14 elephants
  2 ice statues (IceCv)
  A guardian serpent (shapeshifter) (Lair:6)
  2 torpor snails
  A molten gargoyle (Lair:6)
  3 smoke demons (Lair:6)
  A gargoyle (D:13)
  A cane toad (shapeshifter) (Lair:6)
  An efreet (D:14)
  16 cane toads
  An unseen horror (D:12)
  13 komodo dragons
  A tengu conjurer (D:13)
  2 ice devils (D:12)
  A kobold demonologist (D:13)
  8 rime drakes
  An ancient zyme (Lair:6)
  4 polar bears
  8 trolls
  20 blink frogs (Lair:6)
  15 dream sheep
  A ynoxinul (Lair:6)
  5 wraiths (D:13)
  39 yaks
  2 spriggans (Lair:6)
  A fire elemental (Lair:6)
  3 wyverns
  7 basilisks
  2 steam dragons (Lair:4)
  Menkaure (D:4)
  2 acid dragons
  4 wargs
  Edmund (D:5)
  11 small abominations (Lair:6)
  23 water moccasins
  4 hydra simulacra (Lair:4)
  4 large abominations (Lair:6)
  2 sky beasts
  3 black bears
  23 orc warriors
  A necrophage (D:5)
  10 wolves
  7 centaurs
  A black mamba simulacrum (Lair:4)
  4 lemures
  12 ogres
  A phantom (D:7)
  7 kobold brigands
  14 bullfrogs
  4 gnoll sergeants
  3 scorpions (D:7)
  5 water moccasin zombies (Ossuary)
  A water moccasin skeleton (D:5)
  2 wyvern skeletons (D:7)
  A blink frog simulacrum (Lair:4)
  2 lindwurm simulacra (IceCv)
  A dream sheep simulacrum (Lair:4)
  8 wights (D:7)
  2 howler monkeys
  3 electric eels (Lair:2)
  5 komodo dragon simulacra (IceCv)
  3 hounds
  5 jellies
  16 orc priests
  2 centaur skeletons
  4 iguanas
  22 orc wizards
  2 hound zombies (D:5)
  2 mummies (Ossuary)
  A howler monkey zombie (D:5)
  5 acid dragon simulacra (IceCv)
  5 gnolls
  11 adders
  A shadow imp (D:5)
  2 white imps (D:8)
  9 steam dragon simulacra (IceCv)
  An adder zombie (Ossuary)
  An adder skeleton (D:4)
  A worm (D:5)
  2 dart slugs
  47 orcs
  5 ball pythons
  4 endoplasms
  4 giant cockroaches
  3 gnoll zombies (Ossuary)
  2 goblins
  5 hobgoblins
  4 jackals (D:3)
  11 kobolds
  3 quokkas
  3 bats
  A frilled lizard (D:1)
  A goblin zombie (D:6)
  5 hobgoblin zombies (Ossuary)
  7 kobold zombies (Ossuary)
  2 orc zombies (Ossuary)
  A quokka zombie (D:6)
  3 rats
  A bush (Lair:6)
  A butterfly (Lair:5)
634 creatures vanquished.

Vanquished Creatures (collateral kills)
  9 foxfires
9 creatures vanquished.

Vanquished Creatures (others)
  A blink frog (Lair:6)
  885 foxfires
  50 fungi
  88 plants
1024 creatures vanquished.

Grand Total: 1667 creatures vanquished

Notes
Turn   | Place    | Note
-------+----------+-------------------------------------------
     0 | D:1      | Mesmaeker13 the Demonspawn Fire Elementalist began the
                  | quest for the Orb.
     0 | D:1      | Reached XP level 1. HP: 13/13 MP: 3/3
    58 | D:1      | Found a faded altar of an unknown god.
   238 | D:1      | Gained mutation: You may rarely emit foul miasma when
                  | damaged in melee. [demonic ancestry]
   238 | D:1      | Reached XP level 2. HP: 15/19 MP: 0/5
  1015 | D:2      | Reached XP level 3. HP: 20/24 MP: 1/6
  1226 | D:2      | Found a radiant altar of Vehumet.
  1234 | D:2      | Became a worshipper of Vehumet
  1861 | D:2      | Reached skill level 2 in Conjurations
  2494 | D:3      | Reached XP level 4. HP: 30/30 MP: 3/7
  2499 | D:3      | Learned a level 4 spell: Sticky Flame
  3005 | D:3      | Found a hazy altar of Hepliaklqana.
  3271 | D:4      | Found a radiant altar of Vehumet.
  3447 | D:4      | Gained mutation: You have a pair of small horns on your
                  | head. [demonic ancestry]
  3447 | D:4      | Reached XP level 5. HP: 25/35 MP: 4/9
  3580 | D:4      | Found a blossoming altar of Fedhas.
  3774 | D:4      | Noticed an ogre
  3915 | D:4      | Noticed a black bear
  3925 | D:5      | Entered Level 5 of the Dungeon
  4170 | D:5      | Reached skill level 1 in Shields
  4170 | D:5      | Reached skill level 3 in Conjurations
  4171 | D:5      | Noticed a black bear
  4181 | D:5      | Killed a black bear
  4182 | D:5      | Reached XP level 6. HP: 17/41 MP: 0/10
  4433 | D:5      | Learned a level 3 spell: Conjure Flame
  4879 | D:5      | Reached skill level 4 in Conjurations
  4879 | D:5      | Gained mutation: You have large cloven feet. [demonic
                  | ancestry]
  4879 | D:5      | Reached XP level 7. HP: 28/46 MP: 6/11
  5033 | D:5      | Reached * piety under Vehumet
  5033 | D:5      | Offered knowledge of Sandblast by Vehumet.
  5036 | D:5      | Learned a level 1 spell: Sandblast
  5458 | D:5      | Found a shimmering altar of Xom.
  5462 | D:5      | Found a hide-covered altar of Uskayaw.
  5599 | D:5      | Noticed Edmund
  5621 | D:5      | Killed Edmund
  5622 | D:5      | Reached skill level 5 in Fire Magic
  6374 | D:4      | Reached skill level 5 in Conjurations
  6374 | D:4      | Reached XP level 8. HP: 52/52 MP: 7/12
  6657 | D:4      | Noticed Menkaure
  6666 | D:4      | Killed Menkaure
  7692 | D:6      | Reached skill level 6 in Conjurations
  7822 | D:6      | Found a sand-covered staircase.
  7831 | Ossuary  | Entered an ossuary
  7887 | Ossuary  | Offered knowledge of Shock by Vehumet.
  7907 | Ossuary  | Reached ** piety under Vehumet
  8616 | Ossuary  | Offered knowledge of Dazzling Flash by Vehumet.
  9039 | D:6      | Found a staircase to the Ecumenical Temple.
  9083 | D:6      | Reached skill level 7 in Conjurations
  9123 | D:6      | Gained mutation: You have sharp fingernails. [demonic
                  | ancestry]
  9123 | D:6      | Reached XP level 9. HP: 49/57 MP: 5/13
  9758 | D:6      | Identified a scroll of acquirement
  9760 | D:6      | Acquired a staff of conjuration
  9809 | D:7      | Found a runed translucent door.
  9810 | D:7      | Noticed Anon1729's ghost (novice OpMo)
  9862 | D:7      | Found Huxtyutz's Antique Weapon Boutique.
 10026 | D:7      | Found a bloodstained altar of Trog.
 10363 | D:7      | Found Xiyliuf's Armour Shoppe.
 10567 | D:7      | Reached *** piety under Vehumet
 10568 | D:7      | Reached skill level 8 in Conjurations
 10683 | D:7      | Found Kilehun's Antique Armour Shoppe.
 10686 | D:7      | Bought a bloodstained leather armour for 196 gold pieces
 10686 | D:7      | Identified the +0 leather armour of Wu Jian's Approval
                  | {Int+4} (You bought it in a shop on level 7 of the Dungeon)
 10686 | D:7      | Bought a glowing hat for 196 gold pieces
 10804 | D:7      | Found Onirchyit's Magic Scroll Shop.
 10807 | D:7      | Found Tigistid's Antique Weapon Emporium.
 11065 | D:7      | Learned a level 5 spell: Fireball
 11070 | D:8      | Noticed Pikel
 11336 | D:8      | Killed Pikel
 11899 | D:8      | Found Ihets's Magic Scroll Emporium.
 12038 | D:8      | Found a snail-covered altar of Cheibriados.
 12544 | D:9      | Reached skill level 9 in Conjurations
 12544 | D:9      | Gained mutation: Spells you cast may paralyse adjacent
                  | enemies. [demonic ancestry]
 12544 | D:9      | Reached XP level 10. HP: 63/63 MP: 10/14
 12970 | D:9      | Noticed Erolcha
 13061 | D:9      | Acquired 1100 gold pieces
 13191 | D:9      | Found Osoqaq's Antique Armour Boutique.
 13433 | D:10     | Entered Level 10 of the Dungeon
 13498 | D:10     | Reached skill level 5 in Dodging
 13761 | D:10     | Offered knowledge of Olgreb's Toxic Radiance by Vehumet.
 13770 | D:10     | Learned a level 4 spell: Olgreb's Toxic Radiance
 13823 | D:10     | Found a staircase to the Lair.
 13840 | D:10     | Noticed a two-headed ogre
 13857 | D:10     | Killed a two-headed ogre
 13858 | D:10     | Reached skill level 1 in Poison Magic
 13923 | D:10     | Found a broken altar of Ashenzari.
 14263 | Lair:1   | Entered Level 1 of the Lair of Beasts
 14276 | Lair:1   | Noticed a cane toad
 14285 | Lair:1   | Killed a cane toad
 14286 | Lair:1   | Reached skill level 10 in Conjurations
 14618 | Lair:1   | Noticed a black mamba
 14623 | Lair:1   | Killed a black mamba
 14878 | Lair:1   | Noticed a six-headed hydra
 14885 | Lair:1   | Killed a six-headed hydra
 14886 | Lair:1   | Gained mutation: You have a pair of horns on your head.
                  | [demonic ancestry]
 14886 | Lair:1   | Reached XP level 11. HP: 68/68 MP: 13/18
 14930 | Lair:1   | Noticed a boulder beetle
 14973 | Lair:1   | Killed a boulder beetle
 14974 | Lair:1   | Reached skill level 5 in Spellcasting
 15135 | Lair:1   | Noticed Harold
 15149 | Lair:1   | Killed Harold
 15436 | Lair:1   | Reached skill level 5 in Poison Magic
 15500 | Lair:1   | Identified the +9 hand axe of the Undead {vamp, rPois rF-
                  | rC+++ Str-5}
 16128 | Lair:1   | Learned a level 3 spell: Ignite Poison
 16342 | Lair:2   | You fall into a shaft and drop 2 floors!
 16342 | Lair:4   | Found a staircase to the Snake Pit.
 16369 | Lair:4   | Reached skill level 11 in Conjurations
 16475 | Lair:3   | Noticed a four-headed hydra
 16703 | Lair:3   | Found a shimmering altar of Xom.
 16707 | Lair:3   | Reached **** piety under Vehumet
 17306 | Lair:3   | Killed a four-headed hydra
 17332 | Lair:3   | Noticed a five-headed hydra
 17344 | Lair:3   | Killed a five-headed hydra
 17344 | Lair:3   | Offered knowledge of Stone Arrow by Vehumet.
 17352 | Lair:3   | Learned a level 3 spell: Stone Arrow
 17670 | Lair:2   | Reached XP level 12. HP: 57/74 MP: 17/22
 17753 | Lair:2   | Noticed a five-headed hydra
 17758 | Lair:2   | Killed a five-headed hydra
 18774 | Lair:2   | Found a staircase to the Shoals.
 19412 | Lair:3   | Reached skill level 12 in Conjurations
 20086 | Lair:4   | Found a runed translucent gate.
 20610 | Lair:4   | Found a runed translucent gate.
 20612 | Lair:4   | Found a runed translucent gate.
 21081 | Lair:4   | Noticed Quyjis's ghost (journeyman DDGl)
 21101 | Lair:4   | Noticed an eight-headed hydra
 21115 | Lair:4   | Killed an eight-headed hydra
 21290 | Lair:4   | Acquired 843 gold pieces
 21839 | Lair:4   | Noticed an ice dragon
 22094 | Lair:5   | Gained mutation: You have hoof-like feet. [demonic
                  | ancestry]
 22094 | Lair:5   | Reached XP level 13. HP: 79/79 MP: 18/26
 22106 | Lair:5   | Reached skill level 13 in Conjurations
 22477 | Lair:5   | Reached ***** piety under Vehumet
 22906 | Lair:5   | Offered knowledge of Bolt of Magma by Vehumet.
 22913 | Lair:5   | Learned a level 5 spell: Bolt of Magma
 23375 | Lair:5   | Reached skill level 10 in Poison Magic
 23495 | Lair:5   | Reached skill level 1 in Earth Magic
 23670 | Lair:5   | Reached skill level 10 in Spellcasting
 24521 | Lair:6   | Entered Level 6 of the Lair of Beasts
 25133 | Lair:6   | Reached skill level 14 in Conjurations
 25494 | Lair:6   | Reached XP level 14. HP: 85/85 MP: 20/28
 25613 | Lair:6   | Reached skill level 5 in Earth Magic
 25993 | Lair:6   | Offered knowledge of Ozocubu's Refrigeration by Vehumet.
 26182 | Lair:6   | Reached skill level 10 in Fire Magic
 26238 | Lair:6   | Found a staircase to the Slime Pits.
 27592 | Lair:6   | Found a one-way gate to the infinite horrors of the Abyss.
 28694 | Lair:6   | Found a corrupted altar of Lugonu.
 29440 | Lair:4   | Got the ring of Jamaobuq {Fire rPois Int+6 Slay-3}
 29577 | Lair:3   | Killed Quyjis's ghost
 29578 | Lair:3   | Reached skill level 15 in Conjurations
 30010 | D:11     | Noticed Snorg
 30020 | D:11     | Killed Snorg
 30556 | D:11     | Found a staircase to the Orcish Mines.
 30757 | Orc:1    | Entered Level 1 of the Orcish Mines
 30772 | Orc:1    | Noticed Sonja
 30783 | Orc:1    | Killed Sonja
 31004 | Orc:1    | Offered knowledge of Conjure Ball Lightning by Vehumet.
 31258 | Orc:1    | Noticed Urug
 31261 | Orc:1    | Killed Urug
 31494 | Orc:2    | Entered Level 2 of the Orcish Mines
 31494 | Orc:2    | Found a staircase to the Elven Halls.
 31731 | Orc:2    | Found Ipuir's Book Shop.
 31984 | Orc:2    | Gained mutation: You have very sharp fingernails. [demonic
                  | ancestry]
 31984 | Orc:2    | Reached XP level 15. HP: 90/90 MP: 16/29
 32448 | Orc:2    | Found Iraatz's Jewellery Shop.
 32448 | Orc:2    | Found Jizxar's General Store.
 32449 | Orc:2    | Found Jiusoec's General Store.
 32493 | Orc:2    | Found Xesmat's Magic Scroll Shop.
 32755 | Orc:2    | Found a shimmering blue altar of Sif Muna.
 33057 | Orc:2    | Bought a ring of protection from cold for 275 gold pieces
 33206 | D:8      | Bought a scroll of acquirement for 624 gold pieces
 33207 | D:8      | Acquired the Unrestrained Analects
 33220 | D:8      | Learned a level 8 spell: Ignition
 33409 | D:12     | Found Iwuer's Magic Scroll Emporium.
 33419 | D:12     | Bought a scroll of acquirement for 780 gold pieces
 33420 | D:12     | Acquired the ring of the Jester {rPois rF+ Str+4}
 33426 | D:12     | Bought a scroll of acquirement for 780 gold pieces
 33427 | D:12     | Acquired a +0 pair of boots of stealth
 33687 | D:12     | Found a frozen archway.
 33710 | IceCv    | Entered an ice cave
 34675 | IceCv    | Identified the ring "Vyng" {+Blink rPois rF- Str+4 Slay+4}
 34934 | D:12     | Offered knowledge of Irradiate by Vehumet.
 35249 | D:12     | Identified the +4 scimitar of Wyrd {freeze, rC+}
 35751 | D:13     | Noticed Josephine
 35753 | D:13     | Killed Josephine
 35932 | D:13     | Found Polowyo's Assorted Antiques.
 36017 | D:13     | Noticed Jorgrun
 36034 | D:13     | Killed Jorgrun
 36332 | D:13     | Identified the +0 robe of Vehumet's Outrage {Harm}
 37554 | D:14     | Slain by a five-headed hydra

Illustrated notes

Levels and vault maps discovered:
D:1:      psy_arrival_basics, layout_basic, ebering_ecumenical_altar_petrified
D:2:      layout_basic, basic_altar
D:3:      layout_basic, nicolae_hepliaklqana_hazy_memory
D:4:      layout_basic, marbit_many_paths, fiery_altar_vehumet, uniq_menkaure
D:5:      layout_loops_ring, grunt_temple_overflow_diamond,
          minmay_manual_mullet, uniq_edmund
D:6:      layout_loops_corners, minmay_temple_entry_junction, enter_ossuary_4,
          grunt_decor_cap, grunt_decor_clamped
D:7:      layout_gridville, amcnicky_altar_gilded, serial_shops, shop,
          nicolae_shop_behind_doors, shop_fountains, shop_statue,
          nicolae_shop_temple_entry_statues_fountains,
          ebering_ghost_reflecting_pool
D:8:      layout_basic, cheibriados_altar_1, serial_shops, shop, uniq_pikel
D:9:      layout_stronghold, serial_shops, nicolae_diamond_shop, uniq_erolcha
D:10:     layout_rooms, nicolae_ashenzari_skybound, lair_entry_dummy,
          grunt_ogre_cave, kennysheep_generic_room_6
D:11:     layout_rooms, kennysheep_orc_monster_closet_entryway, uniq_snorg
D:12:     layout_basic, portal_ice_cave_demonic_guard, serial_shops,
          nicolae_shop_statue_plus, minmay_more_statues
D:13:     layout_basic, serial_shops, nicolae_shop_overgrown_old_shop,
          uniq_josephine, uniq_jorgrun
D:14:     layout_gridville, lightli_vaults_fourway_checkpoint,
          gammafunk_ghost_ooze, minmay_misc_feat_diagonals,
          minmay_pinched_square
Lair:1:   layout_long_grid, minivault_26, nzn_sisyphean_effort, uniq_harold
Lair:2:   layout_loops_ring, elwin_shoals_entry_rooms, serial_bayou_shore_a,
          lemuel_fruit_tree, grunt_megastairs_5
Lair:3:   layout_cave_shapes, basic_altar, grunt_megastairs_2
Lair:4:   layout_roguey, minmay_snake_entry_six_corridors, gammafunk_ghost_icy,
          beast_lair_carwin_3
Lair:5:   layout_small_grid, pond, grunt_megastairs_4, lemuel_fruit_fields
Lair:6:   hellmonk_lair_end_abyssal_woods, layout_gridlike,
          minmay_slime_entry_oklob_enclosed, serial_bayou_shore_b
Orc:1:    layout_caves, minmay_orc_keep, uniq_urug, uniq_sonja
Orc:2:    st_orc_mages, layout_caves, enter_volcano_4, serial_shops,
          nicolae_shop_statue_plus, statue_in_the_mist_lemuel,
          kennysheep_orc_sif_temple

Skill      XL: |  1  2  3  4  5  6  7  8  9 10 11 12 13 14 15 |
---------------+----------------------------------------------+-----
Dodging        | 2 4 5 |  5.3
Fire Magic     | 3 4 5 7 8 9 11 12 | 12.6
Conjurations   | 2 3 4 5 7 9 10 11 12 14 15 | 15.8
Spellcasting   | 3 4 7 9 10 | 10.5
Shields        | 1 2 3 4 |  4.0
Poison Magic   | 3 6 9 10 | 10.0
Earth Magic    | 4 7 9 |  9.9
Stealth        | |  1.7

Action                   |  1- 3 |  4- 6 |  7- 9 | 10-12 | 13-15 || total
-------------------------+-------+-------+-------+-------+-------++-------
Melee: Long sword        |     4 |       |       |       |       ||     4
       Hand axe          |       |     4 |       |       |       ||     4
       Flail             |       |       |     7 |       |       ||     7
       Kick              |       |       |     6 |    10 |    17 ||    33
       Headbutt          |       |       |     3 |     4 |    15 ||    22
       Staff             |       |       |    20 |    22 |    85 ||   127
Throw: Dart              |       |     5 |    21 |       |       ||    26
       Throwing net      |       |       |       |     2 |       ||     2
 Cast: Foxfire           |    49 |    78 |   201 |   171 |    20 ||   519
       Sticky Flame      |       |     3 |    30 |    78 |    72 ||   183
       Conjure Flame     |       |     1 |       |       |       ||     1
       Fireball          |       |       |       |    39 |   222 ||   261
       Olgreb's Toxic Ra |       |       |       |     8 |    55 ||    63
       Ignite Poison     |       |       |       |     6 |    49 ||    55
       Bolt of Magma     |       |       |       |       |    26 ||    26
       Stone Arrow       |       |       |       |       |    77 ||    77
Evoke: Wand              |       |       |     2 |    38 |     4 ||    44
  Use: Scroll            |       |     1 |     8 |    14 |    11 ||    34
       Potion            |       |     2 |     1 |     7 |     2 ||    12
 Stab: Paralysed         |       |       |       |     5 |     9 ||    14
Armor: Robe              |     4 |     7 |    21 |       |     1 ||    33
       Leather armour    |       |       |    16 |    30 |    17 ||    63
       Troll leather arm |       |       |       |       |    15 ||    15
Dodge: Dodged            |    15 |    30 |   115 |    83 |   124 ||   367
Block: Buckler           |       |       |    42 |    45 |    41 ||   128
       Rpst.: Long sword |     2 |       |       |       |       ||     2

Table legend: (Time is in decaauts)
 A = Elapsed time spent in this place.
 B = Non-inter-level travel time spent in this place.
 C = Inter-level travel time spent in this place.
 D = Time resting spent in this place.
 E = Time spent auto-exploring this place.
 F = Levels seen in this place.
 G = Mean time per level.
                   A        B        C        D        E       F      G
               +--------+--------+--------+--------+--------+-----+--------+
         Total |  37771 |  36260 |   1511 |  14737 |  14536 |  24 | 1573.8 |
       Dungeon |  17954 |  17007 |    947 |   4949 |   8657 |  14 | 1282.4 |
          Lair |  15596 |  15133 |    463 |   7845 |   4679 |   6 | 2599.3 |
  Orcish Mines |   2366 |   2266 |    100 |    648 |   1185 |   2 | 1183.0 |
       Ossuary |    819 |    819 |      0 |    623 |      0 |   1 |  819.0 |
      Ice Cave |   1035 |   1035 |      0 |    672 |     15 |   1 | 1035.0 |
               +--------+--------+--------+--------+--------+-----+--------+

Top non-repeatable levels by time:
  Lair:6: 3732 daAuts
  Lair:4: 2879 daAuts
  Lair:5: 2870 daAuts
     D:5: 2554 daAuts
  Lair:3: 2306 daAuts
  Lair:1: 1969 daAuts
     D:4: 1946 daAuts
     D:7: 1913 daAuts
  Lair:2: 1837 daAuts
   Orc:2: 1328 daAuts
    D:13: 1315 daAuts
     D:2: 1291 daAuts
     D:6: 1289 daAuts
    D:12: 1227 daAuts
   Orc:1: 1038 daAuts
